 Dungeon Sprint DCSS version 0.19.4-25-g1b72edd (webtiles) character file.

3352 equalderp2856 the Ripper (level 9, -1/44 HPs)
             Began as a Felid Fighter on Feb 28, 2017.
             Was the Champion of Vehumet.
             Slain by a blink frog (15 damage)
             ... in the Dungeon (Sprint VII: "The Pits").
             The game lasted 00:10:04 (2001 turns).

equalderp2856 the Ripper (Felid Fighter)            Turns: 2001, Time: 00:10:05

Health: -1/44      AC:  5    Str: 16    XL:     9   Next: 72%
Magic:  16/16      EV: 29    Int: 11    God:    Vehumet [******]
Gold:   0          SH:  0    Dex: 16    Spells: 2 memorised, 11 levels left
                                        Lives:  0   Deaths: 2

rFire  . . .     SeeInvis +       - Unarmed
rCold  . . .     Gourm    .     (armour unavailable)
rNeg   . . .     Faith    .     (shield unavailable)
rPois  .         Spirit   .     (helmet unavailable)
rElec  .         Reflect  .     (cloak unavailable)
rCorr  .         Harm     .     (gloves unavailable)
MR     +....     NoTele   +     (boots unavailable)
Stlth  ++++++....               (no amulet)
                                n - +3 ring of protection
                                m - +3 ring of strength

@: very slightly contaminated, quick
A: no armour, no weapons or thrown items, stealth, claws 1, fangs 3, see
invisible, carnivore 3, speed 1, shaggy fur 2, slow metabolism 1, sharp paws
a: Renounce Religion


You were in the Dungeon.
You worshipped Vehumet.
Vehumet was exalted by your worship.
You were not hungry.

You visited 1 branch

Inventory:

Jewellery
 m - a +3 ring of strength (left paw)
 n - a +3 ring of protection (right paw)
Scrolls
 i - 3 scrolls of remove curse
 j - 5 scrolls of amnesia
 k - a scroll of summoning
Potions
 a - 2 potions of might
 c - 3 potions of curing
 d - 2 potions of invisibility
 e - 2 potions of haste
 f - 4 potions of magic
 g - 5 potions of berserk rage
 l - 5 potions of heal wounds
 o - a potion of brilliance
 p - a potion of cure mutation
 q - 2 potions of resistance
Comestibles
 b - 8 meat rations


   Skills:
 + Level 8.2 Fighting
 + Level 13.1 Dodging
 + Level 12.3 Stealth
 + Level 17.7 Unarmed Combat
 + Level 4.0 Spellcasting
 + Level 4.1 Conjurations


You had 11 spell levels left.
You knew the following spells:

 Your Spells              Type           Power        Failure   Level  Hunger
a - Searing Ray           Conj           ##....       2%          2    ##.....
b - Inner Flame           Hex/Fire       #.......     28%         3    ###....


Dungeon Overview and Level Annotations

Branches:
Dungeon (1/1)

Altars:
Cheibriados
Dithmenos
Elyvilon
Fedhas
Gozag
Hepliaklqana
Kikubaaqudgha
Nemelex Xobeh
Okawaru
Qazlal
Ru
Sif Muna
Trog
Uskayaw
Vehumet
Zin
The Shining One
Jiyva


Innate Abilities, Weirdness & Mutations

You cannot wear armour.
You are incapable of wielding weapons or throwing items.
Your paws allow you to move quietly. (Stealth)
You have sharp claws.
You have razor-sharp teeth.
You have supernaturally acute eyesight. (SInv)
You are carnivorous and can eat meat at any time.
You cover ground quickly.
You are covered in thick fur. (AC +2)
You have a slow metabolism.
Your sharp claws are effective at attacking unaware monsters.


Message History

You kill the blink frog!
Vehumet accepts your kill.
Your Dodging skill increases to level 13!
The blink frog blinks!
The blink frog closely misses you.
Blink to where?
Press: ? - help, Dir - move target cursor You are very lightly contaminated with residual magic.
As you read the scroll of blinking, it crumbles to dust.
The blink frog blinks!
The blink frog blinks!
There is an open door here.
The blink frog blinks!
The blink frog blinks!
The blink frog blinks! x2
The blink frog blinks!
The blink frog completely misses you. The blink frog completely misses you.
There is a huge open gate to the Metal Vault (Medium) here.
The blink frog hits you!
You die...

____#
###'###########++######
))#.##................#
))'.##......#..#......#
###.##................+
†h†..'........÷.......+
h#####......#..#......#
.#..##......).........#
.'..#####†#####'@######
##'###.......##F'#########
....##.......##.F....#...+
....##.......##...)###...#
'#####...<...##...##.'...+
))[.##.......##..##..##+##
))[.##.......##..#..##...##
######.......##..#..#.....#
.#..###########..'..'.....+


You could see 2 blink frogs.

Vanquished Creatures
  A flayed ghost (D)
  An orc sorcerer (D)
  A deep elf mage (D)
  An orange demon (D)
  A guardian mummy (D)
  A troll (D)
  Grinder (D)
  7 blink frogs (D)
  An air elemental (D)
  A fire bat (D)
  A hungry ghost (D)
  A water moccasin (D)
  2 floating eyes (D)
  6 wolves (D)
  A centaur (D)
  2 big kobolds (D)
  A small abomination (D)
  A hound (D)
  A gnoll shaman (D)
  An iron imp (D)
  A mummy (D)
  3 gnolls (D)
  A river rat (D)
  An adder (D)
  An ooze (D)
  A ball python (D)
  A bat (D)
  A bat zombie (D)
  A giant cockroach (D)
  A kobold (D)
  2 quokkas (D)
  A frilled lizard (D)
  A giant cockroach zombie (D)
49 creatures vanquished.

Vanquished Creatures (others)
  A death ooze (D)
  A spriggan air mage (D)
  A floating eye (D)
3 creatures vanquished.

Grand Total: 52 creatures vanquished

Notes
Turn   | Place    | Note
-------+----------+-------------------------------------------
     0 | D        | equalderp2856 the Felid Fighter began the quest for the Orb.
     0 | D        | Reached XP level 1. HP: 10/10 MP: 2/2
     4 | D        | Killed a spriggan air mage
    25 | D        | Found a radiant altar of Vehumet.
    25 | D        | Found a hide-covered altar of Uskayaw.
    25 | D        | Found an ancient bone altar of Kikubaaqudgha.
    25 | D        | Found a viscous altar of Jiyva.
    25 | D        | Found a hazy altar of Hepliaklqana.
    26 | D        | Found a bloodstained altar of Trog.
    26 | D        | Found a deep blue altar of Sif Muna.
    26 | D        | Found a sacrificial altar of Ru.
    26 | D        | Found a stormy altar of Qazlal.
    26 | D        | Found an iron altar of Okawaru.
    26 | D        | Found a sparkling altar of Nemelex Xobeh.
    26 | D        | Found an opulent altar of Gozag.
    26 | D        | Found a blossoming altar of Fedhas.
    26 | D        | Found a white marble altar of Elyvilon.
    26 | D        | Found a shadowy altar of Dithmenos.
    26 | D        | Found a snail-covered altar of Cheibriados.
    27 | D        | Found a glowing golden altar of the Shining One.
    27 | D        | Found a glowing silver altar of Zin.
    30 | D        | Became a worshipper of Vehumet
   155 | D        | Reached skill level 1 in Stealth
   155 | D        | Reached skill level 5 in Unarmed Combat
   155 | D        | Reached XP level 2. HP: 14/14 MP: 3/3
   163 | D        | Reached * piety under Vehumet
   163 | D        | Offered knowledge of Sandblast by Vehumet.
   330 | D        | Noticed a floating eye
   331 | D        | Noticed a floating eye
   331 | D        | Noticed a deep elf mage
   333 | D        | Killed a floating eye
   333 | D        | Reached skill level 8 in Unarmed Combat
   333 | D        | Reached XP level 3. HP: 19/19 MP: 4/4
   333 | D        | Reached XP level 4. HP: 22/22 MP: 5/5
   340 | D        | Killed a floating eye
   340 | D        | Reached skill level 5 in Fighting
   340 | D        | Reached skill level 9 in Unarmed Combat
   340 | D        | Reached XP level 5. HP: 26/26 MP: 6/6
   342 | D        | Reached ** piety under Vehumet
   342 | D        | Offered knowledge of Searing Ray by Vehumet.
   348 | D        | Noticed an ice beast
   376 | D        | Mangled by an ice beast
   377 | D        | Reached XP level 4. HP: -6/23 MP: 5/5
   389 | D        | Noticed an ice beast
   392 | D        | Killed a deep elf mage
   392 | D        | Reached skill level 12 in Unarmed Combat
   392 | D        | Reached XP level 5. HP: 2/28 MP: 6/6
   392 | D        | Gained mutation: You are covered in thick fur. (AC +2) [Felid growth]
   392 | D        | Reached XP level 6. HP: 2/33 MP: 7/7
   661 | D        | Learned a level 2 spell: Searing Ray
   676 | D        | Offered knowledge of Inner Flame by Vehumet.
   732 | D        | Learned a level 3 spell: Inner Flame
   746 | D        | Reached XP level 7. HP: 36/36 MP: 1/8
   747 | D        | Reached *** piety under Vehumet
   757 | D        | Offered knowledge of Mephitic Cloud by Vehumet.
   789 | D        | Reached **** piety under Vehumet
   928 | D        | Offered knowledge of Iskenderun's Battlesphere by Vehumet.
   928 | D        | Reached skill level 13 in Unarmed Combat
   970 | D        | Reached ***** piety under Vehumet
   972 | D        | Noticed an orc sorcerer
   978 | D        | Killed an orc sorcerer
   978 | D        | Reached skill level 10 in Dodging
   978 | D        | Reached skill level 14 in Unarmed Combat
   978 | D        | Reached skill level 1 in Spellcasting
   978 | D        | Reached skill level 1 in Conjurations
   978 | D        | Reached XP level 8. HP: 32/40 MP: 9/11
   980 | D        | Noticed Grinder
   982 | D        | Killed Grinder
  1133 | D        | Noticed a troll
  1133 | D        | Noticed an orange demon
  1163 | D        | Killed an orange demon
  1163 | D        | Offered knowledge of Irradiate by Vehumet.
  1163 | D        | Reached skill level 15 in Unarmed Combat
  1203 | D        | Killed a troll
  1203 | D        | Reached skill level 10 in Stealth
  1203 | D        | Reached XP level 9. HP: 36/43 MP: 12/14
  1227 | D        | Killed a death ooze
  1526 | D        | Noticed a flayed ghost
  1531 | D        | Killed a flayed ghost
  1531 | D        | Reached skill level 16 in Unarmed Combat
  1548 | D        | Noticed a guardian mummy
  1566 | D        | Killed a guardian mummy
  1690 | D        | Reached ****** piety under Vehumet
  1696 | D        | Slain by a blink frog
  1697 | D        | Reached XP level 8. HP: -3/40 MP: 14/14
  1702 | D        | Killed a blink frog
  1702 | D        | Reached XP level 9. HP: 44/44 MP: 15/15
  1708 | D        | Offered knowledge of Force Lance by Vehumet.
  1708 | D        | Reached skill level 17 in Unarmed Combat
  1928 | D        | Offered knowledge of Ozocubu's Refrigeration by Vehumet.
  2001 | D        | Slain by a blink frog

Skill      XL: |  1  2  3  4  5  6  7  8  9 |
---------------+----------------------------+-----
Stealth        | 1 3 6 8 10 12 | 12.3
Unarmed Combat | 5 8 12 14 15 17 | 17.7
Fighting       | 4 7 8 |  8.2
Dodging        | 6 9 10 12 13 | 13.1
Spellcasting   | 1 2 4 |  4.0
Conjurations   | 1 2 4 |  4.1

Action                   |  1- 3 |  4- 6 |  7- 9 || total
-------------------------+-------+-------+-------++-------
Melee: Unarmed           |    25 |    31 |   154 ||   210
       Bite              |       |     3 |    11 ||    14
       Punch             |       |     1 |    11 ||    12
 Cast: Searing Ray       |       |     2 |    12 ||    14
  Use: Potion            |     1 |       |     6 ||     7
       Scroll            |       |       |     1 ||     1
 Stab: Sleeping          |     2 |       |     7 ||     9
Armor: Skin              |     1 |     2 |     8 ||    11
Dodge: Dodged            |    13 |    18 |   184 ||   215
